 Dungeon Crawl Stone Soup version 0.28.0-43-g3370ac3207 (webtiles) character file.

Game seed: 4545570106790494053

2 tizbic2 the Grave Robber (level 1, -1/14 HPs)
             Began as a Demigod Necromancer on Mar 3, 2022.
             Slain by a jackal (2 damage)
             ... on level 1 of the Dungeon.
             The game lasted 00:01:20 (269 turns).

tizbic2 the Grave Robber (Demigod Necromancer)       Turns: 269, Time: 00:01:21

Health: -1/14      AC:  0    Str:  9    XL:     1   Next: 26%
Magic:  5/5        EV: 12    Int: 17    God:
Gold:   0          SH:  0    Dex: 14    Spells: 2/3 levels left

rFire   . . .      SeeInvis .   a - +0 short sword
rCold   . . .      Faith    .   (no shield)
rNeg    . . .      Spirit   .   (no armour)
rPois   .          Reflect  .   (no helmet)
rElec   .          Harm     .   (no cloak)
rCorr   .          Rampage  .   (no gloves)
Will    .....                   (no boots)
Stlth   ++........              (no amulet)
HPRegen 0.04/turn               (no ring)
MPRegen 0.09/turn               (no ring)

@: no status effects
A: high MP 1, forlorn, divine attributes
a: no special abilities


You were on level 1 of the Dungeon.
You visited 1 branch of the dungeon, and saw 1 of its levels.

Inventory:

Hand Weapons
 a - a +0 short sword (weapon)
Armour
 b - a +0 leather armour
 d - the +8 chain mail of Jijinn {rN++ Dex-2 Slay+2 Stlth+}
   (You acquired it on level 1 of the Dungeon)

   Dex:       It affects your dexterity (-2).
   Slay:      It affects your accuracy & damage with ranged weapons and melee
   (+2).
   rN:        It greatly protects you from negative energy.
   Stlth:     It makes you more stealthy.
Scrolls
 c - 3 scrolls of identify


   Skills:
 + Level 0.1 Staves
 - Level 1.7 Dodging
 - Level 1.7 Stealth
 + Level 1.8 Spellcasting
 + Level 3.6 Necromancy
 * Level 0.2 Evocations


You had 2 spell levels left.
You knew the following spells:

 Your Spells              Type           Power      Damage    Failure   Level
a - Pain                  Necr           52%        1d6       4%          1

Your spell library contained the following spells:

 Spells                   Type           Power      Damage    Failure   Level
 Animate Skeleton         Necr           26%        N/A       4%          1
 Vampiric Draining        Necr           13%        2d6       13%         3
 Animate Dead             Necr           6%         N/A       41%         4
 Agony                    Necr           13%        N/A       77%         5


Dungeon Overview and Level Annotations

Branches:
Dungeon (1/15)


Innate Abilities, Weirdness & Mutations

You have an increased reservoir of magic. (+10% MP)
You shall have no god before yourself.
Your divine heritage dramatically boosts your attributes as you level up.


Message History

You closely miss the jackal. The jackal closely misses you.
A jackal comes into view.
The jackal barks!
You hit the jackal but do no damage. The jackal misses you.
The jackal bites you.
You closely miss the jackal. The jackal bites you.
The jackal closely misses you.
You barely miss the jackal. The jackal bites you.
You hit the jackal but do no damage.
The jackal bites you but does no damage.
You barely miss the jackal. The jackal misses you.
You completely miss the jackal. The jackal barely misses you.
The jackal bites you but does no damage.
You hit the jackal.
The jackal is heavily wounded.
The jackal bites you. Something appears at your feet!
The jackal closely misses you.
d - the +8 chain mail of Jijinn {rN++ Dex-2 Slay+2 Stlth+} The jackal misses you.
The jackal closely misses you. The jackal barely misses you.
You start removing your armour.
You continue taking off your +0 leather armour.
The jackal bites you but does no damage.
Keep disrobing?
The jackal barely misses you.
You continue taking off your +0 leather armour.
The jackal bites you.
You continue taking off your +0 leather armour.
The jackal bites you.
* * * LOW HITPOINT WARNING * * *
You continue taking off your +0 leather armour.
The jackal misses you. The jackal barely misses you.
You finish taking off your +0 leather armour.
The jackal bites you.
Keep equipping yourself?
* * * LOW HITPOINT WARNING * * *
You start putting on your armour.
You continue putting on the +8 chain mail of Jijinn {rN++ Dex-2 Slay+2 Stlth+}.
The jackal bites you.
You die...

#......# #...
#......# #...
#......######...
#...............
#......###..####
#......# #.## # #
#......###.# #
#...######..........#
#
#...hhhh@............
.
#...##############...
# # #.## . . ## #


You could see 4 jackals.

Vanquished Creatures
  2 hobgoblins (D:1)
2 creatures vanquished.

Notes
Turn   | Place    | Note
-------+----------+-------------------------------------------
     0 | D:1      | tizbic2 the Demigod Necromancer began the quest for the
                  | Orb.
     0 | D:1      | Reached XP level 1. HP: 14/14 MP: 5/5
   247 | D:1      | Identified a scroll of acquirement
   261 | D:1      | Acquired the +8 chain mail of Jijinn {rN++ Dex-2 Slay+2
                  | Stlth+}
   269 | D:1      | Slain by a jackal

Illustrated notes

Levels and vault maps discovered:
D:1:      dpeg_arrival_windows_large_door, layout_rooms

Action                   || total
-------------------------++-------
Melee: Short sword       ||    14
 Cast: Pain              ||     2
  Use: Scroll            ||     2
Armor: Leather armour    ||     4
Dodge: Dodged            ||    16
